 Dungeon Crawl Stone Soup version 0.29-a0-582-ge82337ba6a (webtiles) character file.

Game seed: 938663253333277784

4250 vineage the Warrior (level 10, -5/77 HPs)
             Began as a Gargoyle Fighter on June 14, 2022.
             Slain by Grum
             ... wielding a +1 spear
              (14 damage)
             ... on level 8 of the Dungeon.
             The game lasted 00:11:34 (9650 turns).

vineage the Warrior (Gargoyle Fighter)              Turns: 9650, Time: 00:11:35

Health: -5/77      AC: 20    Str: 22    XL:     10   Next: 31%
Magic:  10/10      EV:  9    Int:  9    God:
Gold:   831        SH:  5    Dex: 11    Spells: 9/9 levels left

rFire   . . .      SeeInvis .   a - +0 flail (flame)
rCold   + . .      Faith    .   c - +1 buckler
rNeg    + . .      Spirit   .   b - +0 scale mail
rPois   ∞          Reflect  .   (no helmet)
rElec   +          Harm     .   A - +0 cloak
rCorr   .          Rampage  .   (no gloves)
Will    .....                   h - +0 pair of boots
Stlth   ..........              (no amulet)
HPRegen 0.22/turn               n - ring of protection from cold
MPRegen 0.12/turn               k - +4 ring of protection

@: hasted, very quick
A: sickness immunity, AC +7, negative energy resistance 1, electricity
resistance, torment resistance 1, petrification resistance
a: no special abilities


You were on level 8 of the Dungeon.
You visited 2 branches of the dungeon, and saw 9 of its levels.
You also visited: Ossuary.

You collected 831 gold pieces.

Inventory:

Hand Weapons
 a - a +0 flail of flaming (weapon)
Missiles
 u - a throwing net (quivered)
Armour
 b - a +0 scale mail (worn)
 c - a +1 buckler (worn)
 h - a +0 pair of boots (worn)
 A - a +0 cloak (worn)
Jewellery
 k - a +4 ring of protection (right hand)
 n - a ring of protection from cold (left hand)
 z - a ring of see invisible
Wands
 d - a wand of iceblast (1)
 l - a wand of flame (22)
 y - a wand of polymorph (4)
Scrolls
 f - 7 scrolls of teleportation
 o - 2 scrolls of fog
 v - 3 scrolls of poison
 x - a scroll of amnesia
Potions
 g - a potion of curing
 j - 2 potions of magic
 m - a potion of flight {unknown}
 p - 2 potions of cancellation
 q - 2 potions of attraction {unknown}
 r - 4 potions of brilliance
 s - a potion of berserk rage {unknown}
 t - a potion of ambrosia {unknown}


   Skills:
 + Level 15.4 Fighting
 + Level 3.1 Maces & Flails
 + Level 4.2 Armour
 + Level 4.2 Shields


You had 9 spell levels left.
You didn't know any spells.
Your spell library contained the following spells:

 Spells                   Type           Power      Damage    Failure   Level
 Apportation              Tloc           0%         N/A       80%         1
 Necrotize                Necr           0%         1d4       80%         1
 Shock                    Conj/Air       0%         1d3       80%         1
 Sting                    Tmut/Pois      0%         1d3       80%         1
 Summon Small Mammal      Summ           0%         N/A       80%         1
 Ensorcelled Hibernation  Hex/Ice        0%         N/A       90%         2
 Passwall                 Tmut/Erth      0%         N/A       90%         2
 Poisonous Vapours        Pois/Air       0%         N/A       90%         2
 Swiftness                Air            0%         N/A       99%         3
 Airstrike                Air            0%         N/A       100%        4
 Olgreb's Toxic Radiance  Pois           0%         N/A       100%        4
 Petrify                  Tmut/Erth      0%         N/A       100%        4
 Irradiate                Conj/Tmut      0%         3d13      100%        5
 Sublimation of Blood     Necr           Unusable   N/A       N/A         2

Dungeon Overview and Level Annotations

Branches:
Dungeon (8/15)             Temple (1/1) D:7         Ossuary (visited)
   Lair: D:8-11

Altars:
Elyvilon
Fedhas
Gozag
Hepliaklqana
Makhleb
Nemelex Xobeh
Qazlal
Ru
Sif Muna
Trog
Vehumet
Wu Jian
Xom
Yredelemnul
Zin

Shops:
D:1 [

Annotations:
D:8 Grum


Innate Abilities, Weirdness & Mutations

You are immune to sickness and miasma.
Your stone body is resilient. (AC +7)
You are immune to poison.
You resist negative energy. (rN+)
You are resistant to electric shocks. (rElec)
You are resistant to unholy torment.
You are immune to petrification.


Message History

You hit the yak. You burn the yak.
The yak is lightly wounded.
The yak gores you.
Grum sniffs the air and quickly glances around.
Grum hits you from afar with a +1 spear!
You sock the yak! You burn the yak.
The yak is heavily wounded.
The yak gores you.
* * * LOW HITPOINT WARNING * * *
Grum hits you from afar with a +1 spear.
* * * LOW HITPOINT WARNING * * *
You hit the yak. You burn the yak.
The yak is heavily wounded.
The yak gores you but does no damage.
Grum points his finger and shouts, "Spike!
Sic 'em!"
Grum barely misses you.
You sock the yak! You burn the yak.
The yak is almost dead.
You sock the yak! You burn the yak.
You kill the yak!
Grum hits you but does no damage.
Your Maces & Flails skill increases to level 3!
Grum hits you with a +1 spear.
* * * LOW HITPOINT WARNING * * *
Things that are here:
a yak corpse; a wolf corpse You hit Grum.
You burn Grum.
Grum is lightly wounded.
Grum hits you with a +1 spear.
* * * LOW HITPOINT WARNING * * *
You barely miss Grum.
Grum is lightly wounded.
Grum closely misses you.
You hit Grum. You burn Grum.
Grum is lightly wounded.
Grum hits you but does no damage.
You closely miss Grum.
Grum is lightly wounded.
Grum hits you with a +1 spear!
You die...

##......##..###....#.#
#..#..#..#..#........#
#...##...#.....>.#####
#...##...#...#....#
#..#..#..##########
##......###......#
##....## #.....(#
####'####..##.[#
+..)..@gY.##..#
########......#
#......'......#
##.....Y#########
#......g.# ..#
##..#..#.)###.....
#....##....†.o#
##..#..#..##Y#$#
#........# $#


You could see Grum and a yak.

Vanquished Creatures
  A troll (D:8)
  A hornet (D:8)
  Prince Ribbit (D:5)
  Grinder (D:5)
  A yak (D:8)
  A steam dragon (D:6)
  Menkaure (D:4)
  Duvessa (D:5)
  A water moccasin (D:6)
  4 ice beasts
  2 sky beasts (D:8)
  3 wolves (D:8)
  An ogre (D:6)
  A centaur (D:7)
  A phantom (D:5)
  A kobold brigand (D:6)
  4 bullfrogs
  A gnoll sergeant (D:6)
  A scorpion (D:5)
  5 wights
  Dowan (D:5)
  7 howler monkeys
  2 jellies (D:5)
  4 hounds
  An orc priest (D:5)
  Crazy Yiuf (D:5)
  Jessica (D:2)
  Ijyb (D:4)
  2 iguanas
  5 orc wizards
  8 mummies (Ossuary)
  7 gnolls
  6 adders
  A shadow imp (D:6)
  2 ufetubi
  A worm (D:2)
  2 dart slugs
  11 orcs
  8 bats
  9 endoplasms
  2 giant cockroaches (D:1)
  9 goblins
  7 hobgoblins
  A quokka (D:1)
  4 ball pythons
  4 frilled lizards
  2 gnoll zombies (Ossuary)
  A hobgoblin zombie (Ossuary)
  7 kobolds
  2 kobold zombies (Ossuary)
  3 orc zombies (Ossuary)
  5 rats
160 creatures vanquished.

Notes
Turn   | Place    | Note
-------+----------+-------------------------------------------
     0 | D:1      | vineage the Gargoyle Fighter began the quest for the Orb.
     0 | D:1      | Reached XP level 1. HP: 14/14 MP: 1/1
   124 | D:1      | Found Losawk's Antique Armour Shoppe.
   306 | D:1      | Reached XP level 2. HP: 18/20 MP: 2/2
   355 | D:1      | Reached skill level 4 in Fighting
   468 | D:1      | Reached XP level 3. HP: 21/24 MP: 3/3
  1134 | D:1      | Found a faded altar of an unknown god.
  1306 | D:2      | Reached skill level 5 in Fighting
  1481 | D:2      | Reached XP level 4. HP: 31/31 MP: 4/4
  1513 | D:2      | Noticed Jessica
  1528 | D:2      | Killed Jessica
  2494 | D:3      | Reached skill level 6 in Fighting
  2494 | D:3      | Reached XP level 5. HP: 36/36 MP: 5/5
  3273 | D:4      | Noticed Menkaure
  3278 | D:4      | Killed Menkaure
  3279 | D:4      | Reached skill level 7 in Fighting
  3279 | D:4      | Reached XP level 6. HP: 43/44 MP: 6/6
  3345 | D:4      | Found a sand-covered staircase.
  3350 | Ossuary  | Entered an ossuary
  3638 | Ossuary  | Reached skill level 8 in Fighting
  4016 | D:4      | Noticed Ijyb
  4032 | D:4      | Killed Ijyb
  4033 | D:4      | Reached XP level 7. HP: 36/50 MP: 7/7
  4816 | D:5      | Entered Level 5 of the Dungeon
  4837 | D:5      | Noticed Duvessa
  4837 | D:5      | Noticed Dowan
  4851 | D:5      | Killed Duvessa
  4852 | D:5      | Reached skill level 9 in Fighting
  4869 | D:5      | Killed Dowan
  5085 | D:5      | Noticed Prince Ribbit
  5131 | D:5      | Killed Prince Ribbit
  5132 | D:5      | Reached skill level 10 in Fighting
  5132 | D:5      | Reached XP level 8. HP: 33/57 MP: 8/8
  5470 | D:5      | Found a basalt altar of Yredelemnul.
  5535 | D:5      | Reached skill level 11 in Fighting
  5623 | D:5      | Found a runed translucent door.
  5624 | D:5      | Noticed Crazy Yiuf
  5908 | D:5      | Found a hazy altar of Hepliaklqana.
  5923 | D:5      | Noticed Grinder
  5934 | D:5      | Paralysed by Grinder for 3 turns
  5937 | D:5      | Killed Grinder
  5938 | D:5      | Reached skill level 12 in Fighting
  6219 | D:5      | Killed Crazy Yiuf
  6351 | D:6      | Reached XP level 9. HP: 45/66 MP: 9/9
  6611 | D:6      | Reached skill level 13 in Fighting
  7405 | D:6      | Reached skill level 14 in Fighting
  8069 | D:7      | Found a staircase to the Ecumenical Temple.
  8088 | Temple   | Entered the Ecumenical Temple
  8516 | D:7      | Noticed an angel
  8517 | D:7      | Found a glowing silver altar of Zin.
  8518 | D:7      | Found a shimmering altar of Xom.
  8522 | D:7      | Found a stormy altar of Qazlal.
  8949 | D:7      | Found a burning altar of Makhleb.
  9160 | D:8      | Reached skill level 15 in Fighting
  9166 | D:8      | Reached XP level 10. HP: 74/76 MP: 10/10
  9595 | D:8      | Noticed Grum
  9650 | D:8      | Slain by Grum

Illustrated notes

Levels and vault maps discovered:
D:1:      dpeg_arrival_three_same_balls, layout_basic, basic_ecumenical_altar,
          serial_shops, shop_fountains, minmay_tromino_v2
D:2:      layout_loops_ring, uniq_jessica
D:3:      layout_loops_ring, corexii_leaking_fountain
D:4:      layout_cave_pods, enter_ossuary_5, uniq_menkaure, uniq_ijyb
D:5:      layout_loops_ring, mainiacjoe_overflow_brackets, old_standard_altar,
          kennysheep_small_square, uniq_crazy_yiuf_cottage, uniq_prince_ribbit1,
          uniq_duvessa, uniq_grinder
D:6:      kennysheep_spiral_hall, layout_rooms, minmay_between
D:7:      layout_loops_ring, grunt_qazlal_sundering, general_overflow_altar,
          grunt_temple_overflow_order_and_chaos_1, minmay_temple_entry_grid,
          enter_bailey_3, minmay_misc_feat_room
D:8:      minmay_polygon_palace, layout_rooms, serial_rivers,
          chequers_serial_rivers_marsh, chequers_serial_rivers_room_b,
          chequers_serial_rivers_micro_b, chequers_serial_rivers_micro_b,
          chequers_serial_rivers_small_3, uniq_gastronok, uniq_grum
Temple:   nicolae_temple_figure_zero

Skill      XL: |  1  2  3  4  5  6  7  8  9 10 |
---------------+-------------------------------+-----
Fighting       | 4 5 6 7 8 10 12 15 | 15.4
Armour         | 4 |  4.2
Shields        | 4 |  4.2
Maces & Flails | 3 |  3.1

Action                   |  1- 3 |  4- 6 |  7- 9 | 10-12 || total
-------------------------+-------+-------+-------+-------++-------
Melee: Flail             |   118 |   155 |   357 |   102 ||   732
  Use: Scroll            |     5 |     9 |     6 |       ||    20
       Potion            |       |     4 |    12 |     4 ||    20
Armor: Scale mail        |    80 |    86 |   257 |   109 ||   532
       Skin              |       |     2 |       |       ||     2
Dodge: Dodged            |    57 |    77 |   225 |    61 ||   420
Block: Buckler           |    26 |    30 |   129 |    26 ||   211

Table legend: (Time is in decaauts)
 A = Elapsed time spent in this place.
 B = Non-inter-level travel time spent in this place.
 C = Inter-level travel time spent in this place.
 D = Time resting spent in this place.
 E = Time spent auto-exploring this place.
 F = Levels seen in this place.
 G = Mean time per level.
                   A        B        C        D        E       F      G
               +--------+--------+--------+--------+--------+-----+--------+
         Total |   9872 |   9517 |    355 |   1638 |   6181 |  10 |  987.2 |
       Dungeon |   9235 |   8890 |    345 |   1638 |   5692 |   8 | 1154.4 |
        Temple |    123 |    113 |     10 |      0 |    112 |   1 |  123.0 |
       Ossuary |    513 |    513 |      0 |      0 |    377 |   1 |  513.0 |
               +--------+--------+--------+--------+--------+-----+--------+

Top non-repeatable levels by time:
     D:5: 1528 daAuts
     D:6: 1518 daAuts
     D:1: 1331 daAuts
     D:4: 1283 daAuts
     D:7: 1160 daAuts
     D:2: 969 daAuts
     D:3: 821 daAuts
     D:8: 622 daAuts
 Ossuary: 513 daAuts
  Temple: 123 daAuts
